 Dungeon Crawl Stone Soup version 0.28-a0-578-g717728bcc0 (webtiles) character file.

Game seed: 4455584697065622951

67 Johnny the Chiller (level 3, 0/21 HPs)
             Began as a Deep Elf Ice Elementalist on Oct 2, 2021.
             Slain by a killer bee (1 damage)
             ... on level 5 of the Dungeon.
             The game lasted 00:03:00 (2780 turns).

Johnny the Chiller (Deep Elf Ice Elementalist)      Turns: 2780, Time: 00:03:01

Health: 0/21       AC:  4    Str:  5    XL:     3   Next: 98%
Magic:  9/10       EV: 12    Int: 20    God:
Gold:   117        SH:  0    Dex: 15    Spells: 2/9 levels left

rFire   . . .      SeeInvis .   i - +1 short sword (elec)
rCold   . . .      Faith    +   (no shield)
rNeg    . . .      Spirit   .   a - +0 robe
rPois   .          Reflect  .   e - +0 helmet
rElec   .          Harm     .   c - +0 cloak
rCorr   .          Rampage  .   (no gloves)
Will    .....                   (no boots)
Stlth   ++........              l - amulet of faith
HPRegen 0.07/turn               (no ring)
MPRegen 0.12/turn               (no ring)

@: lethally poisoned (0 -> -6), flying
A: no striking features
a: no special abilities


You were on level 5 of the Dungeon.
You visited 1 branch of the dungeon, and saw 5 of its levels.

You collected 117 gold pieces.

Inventory:

Hand Weapons
 i - a +1 short sword of electrocution (weapon)
Armour
 a - a +0 robe (worn)
 c - a +0 cloak (worn)
 e - a +0 helmet (worn)
Jewellery
 l - an amulet of faith (around neck)
Scrolls
 b - a scroll of immolation {unknown}
 f - a scroll of amnesia {unknown}
 h - a scroll of teleportation {unknown}
 k - a scroll of fog {unknown}
Potions
 d - a potion of heal wounds {unknown}
 g - 2 potions of curing {unknown}


   Skills:
 * Level 2.0 Fighting
 - Level 2.4 Dodging
 - Level 2.4 Stealth
 + Level 3.8 Spellcasting
 + Level 4.9 Ice Magic


You had 2 spell levels left.
You knew the following spells:

 Your Spells              Type           Power      Damage    Failure   Level
a - Freeze                Ice            92%        1d10      1%          1
b - Frozen Ramparts       Ice            46%        1d6       5%          3
c - Ozocubu's Armour      Ice            23%        N/A       5%          3

Your spell library contained the following spells:

 Spells                   Type           Power      Damage    Failure   Level
 Hailstorm                Conj/Ice       13%        3d5       43%         4


Dungeon Overview and Level Annotations

Branches:
Dungeon (5/15)
 Temple: D:4-7

Altars:

Annotations:
D:4 Grinder


Message History

You finish putting on your amulet of faith.
You feel a strange surge of divine interest.
l - an amulet of faith (around neck)
Found a stone staircase leading down.
Found a chain mail.
Grinder shouts!
Grinder gestures at you. Pain shoots through your body!
Ouch! That really hurt!
Okay, then.
Okay, then.
Grinder blinks!
There is a stone staircase leading down here.
You climb downwards.
You hear the sound of rushing water.
There is an entrance to a sewer on this level.
Hurry and find it before the portal rusts away!
The killer bee buzzes angrily. x2
Found 15 gold pieces and a book of Necromancy.
Found a stone staircase leading down and a stone staircase leading up.
There is a stone staircase leading up here.
Casting: Freeze (safe; 1% risk of failure)
Confirm with . or Enter, or press ? or * to list all spells.
Aiming: Freeze (safe; 1% risk of failure)
Press: ? - help, Shift-Dir - straight line, f - killer bee
Aim: a killer bee You freeze the killer bee.
The killer bee is moderately wounded.
The killer bee completely misses you. The killer bee misses you.
It was a potion of flight.
You feel very buoyant.
You fly up into the air.
The killer bee closely misses you. The killer bee completely misses you.
You feel more buoyant. The killer bee stings you.
You are poisoned.
The killer bee poisons you! The killer bee misses you.
The killer bee barely misses you. The killer bee stings you!
* * * LOW HITPOINT WARNING * * *
The killer bee stings you.
You die...

......#.###..
#............
#...........
#.........#
#...:$...##
##.........##.
##.............
.....>.@......#
#.....yyy<.....
##............#
##.........###
#.....###.#
#....## ..#
#.... .# ...#.
.


You could see 3 killer bees.

Vanquished Creatures
  2 dart slugs (D:1)
  2 orcs (D:3)
  5 ball pythons
  5 endoplasms
  3 giant cockroaches
  10 goblins
  2 hobgoblins (D:2)
  5 jackals (D:2)
  4 bats
  A frilled lizard (D:3)
  8 kobolds
  6 rats
53 creatures vanquished.

Notes
Turn   | Place    | Note
-------+----------+-------------------------------------------
     0 | D:1      | Johnny the Deep Elf Ice Elementalist began the quest for
                  | the Orb.
     0 | D:1      | Reached XP level 1. HP: 10/10 MP: 6/6
    37 | D:1      | Found a faded altar of an unknown god.
   435 | D:1      | Reached XP level 2. HP: 10/16 MP: 6/8
   547 | D:1      | Reached skill level 1 in Fighting
  1364 | D:2      | Reached XP level 3. HP: 16/20 MP: 7/10
  2522 | D:3      | Noticed an orc warrior
  2594 | D:2      | Learned a level 3 spell: Frozen Ramparts
  2598 | D:2      | Learned a level 3 spell: Ozocubu's Armour
  2696 | D:4      | Noticed Grinder
  2777 | D:5      | Entered Level 5 of the Dungeon
  2777 | D:5      | Noticed a killer bee
  2777 | D:5      | Noticed a killer bee
  2777 | D:5      | Noticed a killer bee
  2780 | D:5      | HP: 1/21 [killer bee (7)]
  2780 | D:5      | Slain by a killer bee

Illustrated notes

Levels and vault maps discovered:
D:1:      minmay_arrival_three_doors, layout_loops_ring,
          hellmonk_ecumenical_altar_heavens_door, hangedman_decor_points
D:2:      layout_basic, kennysheep_generic_room_7
D:3:      layout_rooms, uniq_sigmund
D:4:      corexii_shantytown, layout_gridville,
          mainiacjoe_overflow_concentric_impassable,
          regret_index_temple_of_mockery, uniq_grinder
D:5:      layout_layer_cave, grunt_temple_overflow_growth_and_decay,
          minmay_temple_entry_grid, portal_sewer_entry_a, serial_park_tiny_pond,
          uniq_edmund, uniq_ijyb

Skill      XL: |  1  2  3 |
---------------+----------+-----
Fighting       | 1 2 |  2.0
Dodging        | |  2.4
Stealth        | |  2.4
Spellcasting   | |  3.8
Ice Magic      | |  4.9

Action                   || total
-------------------------++-------
Melee: Unarmed           ||    31
       Short sword       ||    24
 Cast: Freeze            ||    54
  Use: Potion            ||     2
 Stab: Sleeping          ||     3
       Distracted        ||     1
Armor: Robe              ||    28
Dodge: Dodged            ||    71

Table legend: (Time is in decaauts)
 A = Elapsed time spent in this place.
 B = Non-inter-level travel time spent in this place.
 C = Inter-level travel time spent in this place.
 D = Time resting spent in this place.
 E = Time spent auto-exploring this place.
 F = Levels seen in this place.
 G = Mean time per level.
                   A        B        C        D        E       F      G
               +--------+--------+--------+--------+--------+-----+--------+
         Total |   2783 |   2645 |    138 |    644 |   1559 |   5 |  556.6 |
       Dungeon |   2783 |   2645 |    138 |    644 |   1559 |   5 |  556.6 |
               +--------+--------+--------+--------+--------+-----+--------+

Top non-repeatable levels by time:
     D:1: 1282 daAuts
     D:2: 1088 daAuts
     D:3: 364 daAuts
     D:4: 46 daAuts
     D:5: 2 daAuts
